 Dungeon Crawl Stone Soup version 0.23-b1-6-ga921848b48 (webtiles) character file.

Game seed: 17515838237164065139

69 Peloso the Covered (level 4, -1/40 HPs)
             Began as a Minotaur Fighter on Feb 2, 2019.
             Splashed by a jelly's acid (9 damage)
             ... on level 3 of the Dungeon.
             The game lasted 00:02:53 (1533 turns).

Peloso the Covered (Minotaur Fighter)               Turns: 1533, Time: 00:02:57

Health: -1/40      AC:  0    Str: 20    XL:     4   Next: 2%
Magic:  3/3        EV:  7    Int:  5    God:
Gold:   114        SH:  9    Dex: 11    Spells: 3/3 levels left

rFire    . . .     SeeInvis .   a - +0 long sword
rCold    . . .     Gourm    .   c - +0 shield
rNeg     . . .     Faith    .   b - +0 scale mail
rPois    .         Spirit   .   (helmet restricted)
rElec    .         Reflect  .   (no cloak)
rCorr    .         Harm     .   (no gloves)
MR       .....                  (no boots)
Stlth    ..........             (no amulet)
HPRegen  0.13/turn              (no ring)
MPRegen  0.08/turn              (no ring)

@: corroded
A: retaliatory headbutt, horns 2
a: no special abilities


You were on level 3 of the Dungeon.
You were not hungry.

You visited 1 branch of the dungeon, and saw 3 of its levels.

You collected 114 gold pieces.

Inventory:

Hand Weapons
 a - a +0 long sword (weapon)
Armour
 b - a +0 scale mail (worn)
 c - a +0 shield (worn)
Wands
 m - a wand of disintegration (14)
Scrolls
 g - a scroll of enchant weapon {unknown}
 j - a scroll of identify {unknown}
 k - a scroll of noise {unknown}
 n - a scroll of amnesia {unknown}
 o - a scroll of magic mapping {unknown}
 p - a scroll of teleportation {unknown}
Potions
 d - a potion of might
 e - 2 potions of brilliance {unknown}
 h - a potion of curing {unknown}
 i - a potion of cancellation {unknown}
 l - a potion of haste {unknown}
Comestibles
 f - 5 rations


   Skills:
 + Level 4.0 Fighting
 + Level 3.4 Long Blades
 + Level 4.5 Armour
 + Level 0.1 Dodging
 + Level 0.1 Stealth
 + Level 4.2 Shields


You had 3 spell levels left.
You didn't know any spells.
Your spell library was empty.

Dungeon Overview and Level Annotations

Branches:
Dungeon (3/15)

Altars:
Makhleb
Xom


Innate Abilities, Weirdness & Mutations

You reflexively headbutt those who attack you in melee.
You have a pair of horns on your head.


Message History

A jelly is nearby!
A jelly is nearby!
A jelly is nearby!
You slash the jelly!
Your hands burn!
You headbutt the jelly.
The jelly is heavily wounded.
The jelly hits you but does no damage. x2
You hit the jelly.
Your hands burn!
The jelly is severely wounded.
You block the jelly's attack.
You hit the jelly. The acid corrodes you!
Your hands burn!
The jelly is almost dead.
You block the jelly's attack.
You hit the jelly.
Your hands burn!
The jelly is almost dead.
The jelly hits you. The acid corrodes you!
You are splashed with acid!
* * * LOW HITPOINT WARNING * * *
The jelly hits you.
* * * LOW HITPOINT WARNING * * *
You are splashed with acid!
You die...

#...#.<..#
#...#....#.#
###..†..#.##.###
.................
########.##.#.###
......./......#
#######...#.###
#...#.# #@..#
#J..# #...#
...... .......
...##..... ...+
..... ....# #####


You could see a jelly.

Vanquished Creatures
  An adder (D:3)
  An ooze (D:1)
  A worm (D:2)
  3 dart slugs (D:1)
  3 leopard geckos
  2 ball pythons
  6 bats
  2 giant cockroaches
  A hobgoblin (D:2)
  2 jackals (D:1)
  4 kobolds
  5 frilled lizards
  4 goblins
  12 rats
47 creatures vanquished.

Notes
Turn   | Place    | Note
-------+----------+-------------------------------------------
     0 | D:1      | Peloso the Minotaur Fighter began the quest for the Orb.
     0 | D:1      | Reached XP level 1. HP: 19/19 MP: 0/0
   167 | D:1      | Reached XP level 2. HP: 19/27 MP: 1/1
   430 | D:1      | Reached XP level 3. HP: 33/33 MP: 2/2
  1027 | D:2      | Found a burning altar of Makhleb.
  1313 | D:2      | Found a shimmering altar of Xom.
  1315 | D:2      | Found a shimmering altar of Xom.
  1315 | D:2      | Found a shimmering altar of Xom.
  1521 | D:3      | Reached XP level 4. HP: 40/40 MP: 3/3
  1533 | D:3      | Splashed by a jelly's acid

Skill      XL: |  1  2  3 |
---------------+----------+-----
Armour         | 4 |  4.5
Long Blades    | 3 |  3.4
Fighting       | 4 |  4.0
Shields        | 4 |  4.2
Dodging        | |  0.1
Stealth        | |  0.1

Action                   |  1- 3 |  4- 6 || total
-------------------------+-------+-------++-------
Melee: Long sword        |   106 |     4 ||   110
       Headbutt          |    15 |     1 ||    16
  Eat: Chunk             |     2 |       ||     2
Armor: Scale mail        |    44 |     2 ||    46
Dodge: Dodged            |    39 |       ||    39
Block: Shield            |    65 |     2 ||    67
       Rpst.: Long sword |     7 |       ||     7
